 Dungeon Crawl Stone Soup version 0.27-a0-1154-gfdeffcb720 (webtiles) character file.

Game seed: 4979731963803396325

57771 leviel the Axe Maniac (level 14, -7/94 HPs)
             Began as a Hill Orc Fighter on May 14, 2021.
             Was the Champion of Fedhas.
             Splashed with acid (14 damage)
             ... on level 4 of the Pits of Slime.
             The game lasted 00:35:22 (25469 turns).

leviel the Axe Maniac (Hill Orc Fighter)           Turns: 25469, Time: 00:35:23

Health: -7/94      AC: 21    Str: 20    XL:     14   Next: 87%
Magic:  20/20      EV: 25    Int:  8    God:    Fedhas [******]
Gold:   1458       SH:  0    Dex: 10    Spells: 13/13 levels left

rFire    . . .     SeeInvis +   a - +6 executioner's axe (venom)
rCold    + + +     Faith    .   (shield currently unavailable)
rNeg     . . .     Spirit   .   v - +3 plate armour
rPois    .         Reflect  .   w - +1 hat
rElec    .         Harm     .   e - scarf {repulsion}
rCorr    .         Rampage  .   H - +2 pair of gloves
Will     +....                  n - +0 pair of boots
Stlth    ..........             k - amulet "Ebytzaot" {Acrobat rC+++ Str-4 SInv Stlth-}
HPRegen  0.25/turn              x - +4 ring of slaying
MPRegen  0.17/turn              t - +4 ring of evasion

@: acrobatic, repel missiles
A: frail 1, shaggy fur 1
a: Renounce Religion, Wall of Briars, Grow Ballistomycete, Overgrow, Grow Oklob


You were on level 4 of the Pits of Slime.
You worshipped Fedhas.
Fedhas was exalted by your worship.
You visited 4 branches of the dungeon, and saw 21 of its levels.

You collected 1458 gold pieces.

Inventory:

Hand Weapons
 a - a +6 executioner's axe of venom (weapon)
 c - a +0 vorpal war axe
Missiles
 D - a throwing net (quivered)
 I - 6 atropa-tipped darts
 M - 7 curare-tipped darts
Armour
 e - a scarf of repulsion (worn)
 n - a +0 pair of boots (worn)
 v - a +3 plate armour (worn)
 w - a +1 hat (worn)
 H - a +2 pair of gloves (worn)
Jewellery
 k - the amulet "Ebytzaot" (around neck) {Acrobat rC+++ Str-4 SInv Stlth-}
   (You acquired it on level 6 of the Dungeon)

   [amulet of the acrobat]

   It increases your evasion while moving and waiting.
   It affects your strength (-4).
   It renders you almost immune to cold.
   It lets you see invisible.
   It makes you less stealthy.
 m - a +6 ring of dexterity
 t - a +4 ring of evasion (right hand)
 x - a +4 ring of slaying (left hand)
 C - the ring "Haculid" {Fly rC++ rN+ rCorr Str-2}
   (You found it on level 7 of the Dungeon)

   [ring of flight]

   It affects your strength (-2).
   It greatly protects you from cold.
   It protects you from negative energy.
   It grants you flight.
   It protects you from acid and corrosion.
Wands
 d - a wand of mindburst (22)
 i - a wand of polymorph (6)
 j - a wand of iceblast (1)
 G - a wand of paralysis (7)
Scrolls
 h - a scroll of blinking
 o - 3 scrolls of teleportation
 q - a scroll of magic mapping
 A - 11 scrolls of identify {@r1}
 N - 2 scrolls of amnesia
Potions
 f - 2 potions of mutation
 g - a potion of cancellation
 l - 2 potions of heal wounds
 p - 2 potions of curing
 r - 5 potions of flight
 z - 5 potions of brilliance
 J - 2 potions of haste
 O - a potion of magic
Miscellaneous
 y - a box of beasts
 F - a phantom mirror
 K - a phial of floods


   Skills:
 - Level 4.6 Fighting
 O Level 27 Axes
 - Level 4.1 Armour
 - Level 1.0 Dodging
 - Level 0.4 Stealth
 - Level 3.7 Shields
 + Level 8.8 Invocations


You had 13 spell levels left.
You didn't know any spells.
Your spell library contained the following spells:

 Spells                   Type           Power      Damage    Failure   Level
 Animate Skeleton         Necr           0%         N/A       100%        1
 Foxfire                  Conj/Fire      0%         2x1d4     100%        1
 Pain                     Necr           0%         1d4       100%        1
 Confusing Touch          Hex            0%         N/A       100%        3
 Conjure Flame            Conj/Fire      0%         6-21      100%        3
 Gell's Gravitas          Tloc           0%         N/A       100%        3
 Ignite Poison            Fire/Tmut/Pois 0%         N/A       100%        3
 Inner Flame              Hex/Fire       0%         N/A       100%        3
 Vampiric Draining        Necr           0%         2d6       100%        3
 Animate Dead             Necr           0%         N/A       100%        4
 Petrify                  Tmut/Erth      0%         N/A       100%        4
 Sticky Flame             Conj/Fire      0%         2d3       100%        4
 Agony                    Necr           0%         N/A       100%        5
 Fireball                 Conj/Fire      0%         3d3       100%        5
 Metabolic Englaciation   Hex/Ice        0%         N/A       100%        5
 Yara's Violent Unravell  Hex/Tmut       0%         3d3       100%        5
 Starburst                Conj/Fire      0%         8x6d3     100%        6
 Ignition                 Fire           0%         3d3       100%        8


Dungeon Overview and Level Annotations

Branches:
Dungeon (10/15)            Temple (1/1) D:5            Lair (6/6) D:10
 Shoals (0/4) Lair:3        Snake (0/4) Lair:3        Slime (4/5) Lair:6
    Orc: D:9-12

Altars:
Ashenzari
Cheibriados
Dithmenos
Elyvilon
Fedhas
Gozag
Hepliaklqana
Kikubaaqudgha
Makhleb
Nemelex Xobeh
Okawaru
Qazlal
Ru
Sif Muna
Trog
Uskayaw
Vehumet
Wu Jian
Xom
Yredelemnul
Zin
The Shining One

Shops:
D:8 *


Innate Abilities, Weirdness & Mutations

You are frail. (-10% HP)
You are covered in fur. (AC +1)


Message History

A slime creature comes into view.
Unknown command.
You barely miss the slime creature. You slash the slime creature!
The slime creature is poisoned.
A slime creature comes into view.
The slime creature barely misses you.
Unknown command.
You slice the slime creature like a ripe choko!!!
You kill the slime creature!
Fedhas accepts your kill.
You slice the slime creature!! You hit the slime creature.
The slime creature looks as sick as possible!
You slice the slime creature!!
The slime creature is almost dead.
You slash the slime creature!
The slime creature looks as sick as possible!
The slime creature hits you!
The slime creature hits you but does no damage.
Unknown command.
You slash the slime creature!
The slime creature is almost dead.
Your plate armour prevents you from hitting the slime creature.
Your surroundings suddenly seem different.
You are splashed with acid!!
You start resting.
A shining eye comes into view.
The shining eye turns its gaze towards you.
The shining eye gazes at you.
Strange energies course through your body.
Fur sprouts all over your body.
You are splashed with acid!
You are splashed with acid!
You are splashed with acid!
You are splashed with acid!
* * * LOW HITPOINT WARNING * * *
You are splashed with acid!
* * * LOW HITPOINT WARNING * * *
You are splashed with acid!
You die...
Fedhas appreciates your contribution to the ecosystem.

*,,,,,,,,,,,,,,,,,,,,,,,**
**,*..............,,,,,,,*
***#.............,,,,,,**
##.............,,,,,**
*#..............,,,,*,**
**.....#.........,,**,,,**
*,....#..........,,,,*,*,*
**,...............,,,,,,,,,
*,,,*,*#..@....#**,,,,,,,,*
**,,***###.#...# **,,,*,***
****,,,* #.....##**#*,****
**,***,** #....##*#.#***
*,,,**####*#...###....*
**,,*###...###........#*
**,,,,#......#.......##*
*,,,,*.......#.....###
**,,,,,..##........##


There were no monsters in sight!

Vanquished Creatures
  Rupert (Lair:5)
  Gastronok (Lair:1)
  A fire dragon (Lair:6)
  3 hydras
  2 two-headed ogres (D:10)
  7 death yaks (Lair:6)
  4 catoblepae (Lair:6)
  Urug (Lair:1)
  3 cyclopes
  A shining eye (Slime:1)
  2 manticores (Lair:6)
  5 elephants (Lair:5)
  An ice statue (Lair:5)
  A guardian serpent (Lair:3)
  A black mamba (Lair:1)
  16 cane toads
  An efreet (D:8)
  11 rime drakes (Lair:6)
  An unseen horror (D:8)
  12 komodo dragons
  A kobold demonologist (D:8)
  An ice devil (Lair:5)
  2 trolls
  6 polar bears
  Prince Ribbit (D:7)
  13 blink frogs
  23 slime creatures
  12 dream sheep
  A snapping turtle (Lair:3)
  4 wyverns
  A shadow (D:7)
  28 yaks
  3 basilisks
  9 steam dragons
  2 acid dragons
  16 water moccasins
  An orc warrior (D:8)
  9 ice beasts
  2 black bears
  2 ogres
  A hornet zombie (D:7)
  13 wolves
  3 centaurs
  A phantom (D:6)
  23 bullfrogs
  A gnoll sergeant (D:9)
  2 water moccasin zombies (D:5)
  A scorpion (D:10)
  4 killer bees
  2 howler monkeys
  6 wights
  2 electric eels
  A centaur zombie (D:9)
  A hound (D:5)
  3 gnoll shamans
  5 orc priests
  A bullfrog zombie (D:5)
  2 bullfrog skeletons
  5 iguanas
  6 orc wizards
  Ijyb (D:5)
  3 hound skeletons
  A howler monkey zombie (D:10)
  A howler monkey skeleton (D:5)
  32 gnolls
  3 adders
  3 white imps
  An adder skeleton (D:4)
  2 worms
  4 dart slugs
  25 orcs
  7 ball pythons
  8 endoplasms
  5 giant cockroaches
  10 goblins
  9 hobgoblins
  5 jackals (D:1)
  6 quokkas
  7 bats
  4 frilled lizards
  4 kobolds
  4 rats (D:3)
440 creatures vanquished.

Vanquished Creatures (collateral kills)
  A two-headed ogre (D:8)
  A water moccasin (D:5)
2 creatures vanquished.

Vanquished Creatures (others)
  2 oklob plants (Lair:5)
  A cane toad (Lair:5)
  2 rime drakes (Lair:6)
  A water moccasin (Lair:5)
  4 bushes (Lair:6)
  75 fungi
  85 plants
170 creatures vanquished.

Grand Total: 612 creatures vanquished

Notes
Turn   | Place    | Note
-------+----------+-------------------------------------------
     0 | D:1      | leviel the Hill Orc Fighter began the quest for the Orb.
     0 | D:1      | Reached XP level 1. HP: 19/19 MP: 1/1
   261 | D:1      | Reached skill level 3 in Axes
   261 | D:1      | Reached XP level 2. HP: 26/26 MP: 2/2
   768 | D:1      | Reached XP level 3. HP: 33/33 MP: 3/3
  1123 | D:2      | Reached skill level 4 in Axes
  1416 | D:2      | Reached XP level 4. HP: 40/40 MP: 4/4
  1439 | D:2      | Found a sparkling altar of Nemelex Xobeh.
  2134 | D:3      | Reached skill level 5 in Axes
  2134 | D:3      | Reached XP level 5. HP: 16/46 MP: 5/5
  2550 | D:3      | Reached skill level 6 in Axes
  3117 | D:3      | Found a faded altar of an unknown god.
  3265 | D:3      | Identified a scroll of acquirement
  3265 | D:3      | Acquired a +2 executioner's axe of venom
  3466 | D:4      | Reached XP level 6. HP: 50/52 MP: 6/6
  3622 | D:4      | Reached skill level 7 in Axes
  3629 | D:4      | Reached skill level 1 in Dodging
  4044 | D:4      | Found a sacrificial altar of Ru.
  4283 | D:4      | Reached skill level 8 in Axes
  4283 | D:4      | Reached XP level 7. HP: 39/60 MP: 7/7
  4730 | D:5      | Entered Level 5 of the Dungeon
  4931 | D:5      | Reached skill level 9 in Axes
  5286 | D:5      | Noticed a yak
  5286 | D:5      | Noticed a yak
  5286 | D:5      | Noticed a yak
  5287 | D:5      | Noticed a yak
  5289 | D:5      | Noticed a yak
  5292 | D:5      | Noticed Ijyb
  5293 | D:5      | Killed a yak
  5294 | D:5      | Reached skill level 10 in Axes
  5294 | D:5      | Reached XP level 8. HP: 48/67 MP: 8/8
  5296 | D:5      | Killed a yak
  5297 | D:5      | Reached skill level 11 in Axes
  5297 | D:5      | Killed a yak
  5298 | D:5      | Killed a yak
  5299 | D:5      | Reached skill level 12 in Axes
  5301 | D:5      | Killed Ijyb
  5301 | D:5      | Killed a yak
  5543 | D:5      | Reached skill level 13 in Axes
  5543 | D:5      | Reached XP level 9. HP: 27/72 MP: 9/9
  6467 | D:5      | Found a staircase to the Ecumenical Temple.
  6482 | Temple   | Entered the Ecumenical Temple
  6637 | Temple   | Became a worshipper of Fedhas Madash
  6886 | D:6      | Reached skill level 14 in Axes
  7257 | D:6      | Acquired the amulet "Ebytzaot" {Acrobat rC+++ Str-4 SInv
                  | Stlth-}
  7523 | D:6      | Reached * piety under Fedhas
  7831 | D:7      | Reached skill level 15 in Axes
  7855 | D:7      | Found a burning altar of Makhleb.
  7857 | D:7      | Noticed a cyclops
  7857 | D:7      | Noticed a troll
  7869 | D:7      | Found a transporter.
  7930 | D:7      | Found a transporter.
  8515 | D:8      | Found Sashuith's Lightly-Used Armoury.
  8515 | D:8      | Noticed Prince Ribbit
  8526 | D:7      | Killed Prince Ribbit
  9352 | D:8      | Reached skill level 16 in Axes
  9352 | D:8      | Reached XP level 10. HP: 75/80 MP: 10/10
  9609 | D:8      | Noticed a kobold demonologist
  9614 | D:8      | Noticed a two-headed ogre
  9616 | D:8      | Noticed a cyclops
  9620 | D:8      | Noticed a cyclops
  9621 | D:8      | Killed a two-headed ogre
  9921 | D:8      | Reached skill level 17 in Axes
 10069 | D:8      | Killed a cyclops
 10073 | D:8      | Killed a kobold demonologist
 10326 | D:8      | Noticed an unseen horror
 10484 | D:8      | Killed an unseen horror
 10485 | D:8      | Reached skill level 18 in Axes
 10609 | D:8      | Found a large runed translucent door.
 10609 | D:8      | Found a large runed translucent door.
 10644 | D:8      | Killed a cyclops
 10876 | D:8      | Found a glowing silver altar of Zin.
 10885 | D:8      | Found a radiant altar of Vehumet.
 10960 | D:7      | Killed a cyclops
 10961 | D:7      | Reached XP level 11. HP: 74/85 MP: 11/11
 10965 | D:7      | Reached ** piety under Fedhas
 10987 | D:7      | Identified the ring "Haculid" {Fly rC++ rN+ rCorr Str-2}
 11069 | D:9      | Identified the +0 chain mail "Gijuusao" {Contam rElec SInv}
 11138 | D:9      | Reached skill level 19 in Axes
 11321 | D:9      | Found a broken altar of Ashenzari.
 11347 | D:9      | Found a stormy altar of Qazlal.
 11847 | D:10     | Entered Level 10 of the Dungeon
 11968 | D:10     | Found a staircase to the Lair.
 12361 | D:10     | Reached *** piety under Fedhas
 12946 | D:10     | Noticed a two-headed ogre
 12970 | D:10     | Killed a two-headed ogre
 13783 | D:10     | Noticed a two-headed ogre
 13791 | D:10     | Killed a two-headed ogre
 13792 | D:10     | Reached skill level 20 in Axes
 14017 | Lair:1   | Entered Level 1 of the Lair of Beasts
 15257 | Lair:1   | Noticed Urug
 15266 | Lair:1   | Killed Urug
 15267 | Lair:1   | Reached skill level 21 in Axes
 15575 | Lair:1   | Noticed Gastronok
 15597 | Lair:1   | Killed Gastronok
 15598 | Lair:1   | Reached XP level 12. HP: 46/92 MP: 12/12
 15885 | Lair:2   | HP: 2/92 [poisoned by a cane toad]
 16387 | Lair:2   | Reached skill level 22 in Axes
 16467 | Lair:2   | Noticed a five-headed hydra
 17778 | Lair:3   | Killed a ten-headed hydra
 18274 | Lair:3   | Found a staircase to the Snake Pit.
 19028 | Lair:3   | Found a staircase to the Shoals.
 19039 | Lair:3   | Reached skill level 23 in Axes
 19475 | Lair:4   | Noticed a four-headed hydra
 19505 | Lair:4   | Killed a nine-headed hydra
 19803 | Lair:4   | Reached XP level 13. HP: 79/99 MP: 13/13
 19811 | Lair:4   | Reached **** piety under Fedhas
 19821 | Lair:4   | Reached skill level 24 in Axes
 20858 | Lair:5   | You fall into a shaft and drop 1 floor!
 20858 | Lair:6   | Entered Level 6 of the Lair of Beasts
 21279 | Lair:6   | Reached skill level 25 in Axes
 21730 | Lair:6   | Reached ***** piety under Fedhas
 22121 | Lair:6   | Reached XP level 14. HP: 79/105 MP: 14/14
 22176 | Lair:6   | Reached skill level 26 in Axes
 22206 | Lair:6   | Reached skill level 1 in Invocations
 22516 | Lair:5   | Noticed Rupert
 22555 | Lair:5   | Paralysed by Rupert for 4 turns
 22576 | Lair:5   | Paralysed by Rupert for 7 turns
 22584 | Lair:5   | Killed Rupert
 23111 | Lair:6   | Reached skill level 5 in Invocations
 23140 | Lair:6   | Found a staircase to the Slime Pits.
 23872 | Lair:5   | Identified the +2 quarterstaff "Afumnuu" {holy, rPois
                  | Int+4}
 24945 | Slime:1  | Entered Level 1 of the Pits of Slime
 24955 | Slime:1  | Gained mutation: You are frail. (-10% HP) [a shining eye]
 24959 | Slime:1  | Reached skill level 27 in Axes
 24961 | Slime:1  | HP: 1/94 [large slime creature (35)]
 24970 | Lair:6   | Reached ****** piety under Fedhas
 25157 | Slime:2  | Noticed an acid blob
 25423 | Slime:3  | Noticed an acid blob
 25460 | Slime:4  | Gained mutation: You are covered in fur. (AC +1) [a shining
                  | eye]
 25469 | Slime:4  | Splashed with acid

Illustrated notes

Levels and vault maps discovered:
D:1:      minmay_arrival_split_and_join, layout_basic, minmay_misc_feat_x
D:2:      layout_basic, basic_altar, minivault_24
D:3:      layout_basic, shapermc_ecumenical_altar_mp_vishouse
D:4:      layout_loops_ring, nicolae_overflow_hidden_temple, kennysheep_donut,
          kennysheep_small_spiral, fountainhead, grunt_ministairs_10,
          minmay_cupped
D:5:      layout_rooms, minmay_temple_entry_antechambers, uniq_ijyb
D:6:      layout_gridville, grunt_ministairs_1
D:7:      layout_cave_pools, gammafunk_temple_overflow_arena,
          serial_co_window_serial, co_window_paths_b, co_window_corner_a,
          co_window_corner_a, co_window_paths_a, co_window_paths_a,
          co_window_paths_b, co_window_paths_a, co_window_paths_a,
          co_window_of_opportunity_a, co_window_broadway_c,
          co_window_broadway_b, co_window_2corner, glass_columns_a,
          glass_columns_b, glass_columns_c
D:8:      minmay_blocky_corners, layout_rooms, jmf_multi_god_temple2,
          minmay_shop_damaged, uniq_prince_ribbit1
D:9:      layout_basic, ashenzari_altar_1, nicolae_qazlal_eye_of_the_storm
D:10:     layout_stronghold, due_lair_maze_entry_diamond
Temple:   regret_index_temple_sphere_string
Lair:1:   layout_gridlike, uniq_urug, uniq_gastronok
Lair:2:   layout_misc_corridors, serial_bayou_crossing, grunt_megastairs_4,
          serial_bayou_shore_b
Lair:3:   layout_loops_ring, minmay_shoals_entry_hut,
          minmay_snake_entry_spellcaster, enter_volcano_4, minivault_25,
          minmay_lair_oklob_bushes, beast_lair_carwin_10
Lair:4:   layout_roguey
Lair:5:   layout_cellular_growth, ice2_lemuel, minmay_lair_oklob_chamber,
          uniq_rupert
Lair:6:   evilmike_catoblepas_cave, layout_loops_ring, slime_dummy,
          bobbens_dragon_lair_wall
Slime:1:  layout_caves
Slime:2:  layout_caves, nicolae_slime_ancient_tower_intersection,
          cheibrodos_slime_lost_civilization_7
Slime:3:  layout_caves
Slime:4:  layout_caves, nicolae_slime_phagocytosis

Skill      XL: |  1  2  3  4  5  6  7  8  9 10 11 12 13 14 |
---------------+-------------------------------------------+-----
Axes           | 3 4 5 6 8 10 13 16 18 21 23 25 27 | 27.0
Fighting       | 4 |  4.6
Dodging        | 1 |  1.0
Armour         | 4 |  4.1
Invocations    | 8 |  8.8
Stealth        | |  0.4
Shields        | |  3.7

Action                   |  1- 3 |  4- 6 |  7- 9 | 10-12 | 13-15 || total
-------------------------+-------+-------+-------+-------+-------++-------
Melee: War axe           |    95 |   101 |       |       |       ||   196
       Executioner's axe |       |    54 |   170 |   365 |   340 ||   929
Throw: Dart              |       |       |       |       |    10 ||    10
       Throwing net      |       |       |       |       |     1 ||     1
Invok: Wall of Briars    |       |       |       |     6 |       ||     6
Evoke: Wand              |       |       |       |     3 |    11 ||    14
  Use: Scroll            |       |    11 |     7 |    13 |     8 ||    39
       Potion            |       |       |     3 |     3 |     3 ||     9
Armor: Scale mail        |    47 |    67 |    47 |       |       ||   161
       Plate armour      |       |       |    69 |   222 |   197 ||   488
Dodge: Dodged            |    32 |    64 |   139 |   264 |   155 ||   654
       Repelled          |       |     1 |     3 |     6 |     2 ||    12
Block: Kite shield       |    62 |    51 |       |       |       ||   113

Table legend: (Time is in decaauts)
 A = Elapsed time spent in this place.
 B = Non-inter-level travel time spent in this place.
 C = Inter-level travel time spent in this place.
 D = Time resting spent in this place.
 E = Time spent auto-exploring this place.
 F = Levels seen in this place.
 G = Mean time per level.
                   A        B        C        D        E       F      G
               +--------+--------+--------+--------+--------+-----+--------+
         Total |  25626 |  24828 |    798 |   8922 |  13016 |  21 | 1220.3 |
       Dungeon |  14035 |  13552 |    483 |   5228 |   6663 |  10 | 1403.5 |
        Temple |    181 |    156 |     25 |      0 |    151 |   1 |  181.0 |
          Lair |  11079 |  10789 |    290 |   3455 |   6201 |   6 | 1846.5 |
    Slime Pits |    330 |    330 |      0 |    239 |      0 |   4 |   82.5 |
               +--------+--------+--------+--------+--------+-----+--------+

Top non-repeatable levels by time:
  Lair:6: 2865 daAuts
    D:10: 2177 daAuts
     D:7: 2151 daAuts
     D:4: 2027 daAuts
  Lair:3: 1933 daAuts
  Lair:1: 1833 daAuts
  Lair:5: 1678 daAuts
  Lair:2: 1527 daAuts
     D:3: 1399 daAuts
     D:5: 1308 daAuts
  Lair:4: 1241 daAuts
     D:8: 1232 daAuts
     D:2: 1129 daAuts
     D:6: 978 daAuts
     D:1: 849 daAuts
